| TOP OF THE 1ST |
|
Columbus Reds batting - Pitching for York Revolution : RHP Marcos Tapia
|
|
Pitching: RHP Marcos Tapia
|
|
|
Batting: LHB Keith Egan
|
0-0: Ball 1-0: Called Strike 1-1: Called Strike 1-2: Ball 2-2: Foul Ball, location: 2F 2-2: Ball 3-2: Base on Balls
|
|
Batting: RHB Sang-ton Pak
|
0-0: Ball Keith Egan steals 2nd, throwing error, E2 Keith Egan to third 1-0: Ball 2-0: Foul Ball, location: 2F 2-1: Fly out, F8 (Flyball, 78D, EV 82.5 MPH) Runner from 3rd tags up, SCORES, throw by CF
|
|
Batting: RHB Pat McCoy
|
0-0: Called Strike 0-1: Swinging Strike 0-2: Foul Ball, location: 2F 0-2: Foul Ball, location: 2F 0-2: Ball 1-2: Ball 2-2: Ball 3-2: Base on Balls
|
|
Batting: LHB Chris Redhead
|
0-0: Ball 1-0: Ball 2-0: Ball 3-0: Called Strike 3-1: Called Strike 3-2: Foul Ball, location: 2F 3-2: Fly out, F7 (Flyball, 7LS, EV 91.9 MPH)
|
|
Batting: LHB Tim Kirk
|
0-0: Ball 1-0: Called Strike 1-1: Ball 2-1: Called Strike 2-2: Strikes out looking
|
| Top of the 1st over - 1 run, 0 hits, 1 error, 1 left on base; Columbus 1 - York 0 |
| BOTTOM OF THE 1ST |
|
York Revolution batting - Pitching for Columbus Reds : RHP Matt Cronin
|
|
Pitching: RHP Matt Cronin
|
|
|
Batting: RHB Tony Perez
|
0-0: Called Strike 0-1: Swinging Strike 0-2: Foul Ball, location: 2F 0-2: Strikes out looking
|
|
Batting: RHB Chris Myers
|
0-0: Ball 1-0: Fly out, F9 (Flyball, 9S, EV 86.3 MPH)
|
|
Batting: LHB Joel Moore
|
0-0: Swinging Strike 0-1: Ball 1-1: Ball 2-1: Swinging Strike 2-2: Ground out 6-3 (Groundball, 6M, EV 105.0 MPH)
|
| Bottom of the 1st over - 0 runs, 0 hits, 0 errors, 0 left on base; Columbus 1 - York 0 |
| TOP OF THE 2ND |
|
Columbus Reds batting - Pitching for York Revolution : RHP Marcos Tapia
|
|
Batting: RHB Fred Barbour
|
0-0: Called Strike 0-1: Ball 1-1: Ball 2-1: Foul Ball, location: 2F 2-2: Ball 3-2: Strikes out looking
|
|
Batting: LHB Elijah Benton
|
0-0: Foul Ball, location: 2F 0-1: Called Strike 0-2: Strikes out looking
|
|
Batting: RHB Mark Ortner
|
0-0: Called Strike 0-1: Foul Ball, location: 2F 0-2: Foul Ball, location: 2F 0-2: Ball 1-2: Foul Ball, location: 2F 1-2: SOLO HOME RUN (Flyball, 9D, EV 99.4 MPH), Distance : 360 ft
|
|
Batting: RHB Alex de Leon
|
0-0: Ball 1-0: Foul Ball, location: 2F 1-1: Ball 2-1: Foul Ball, location: 2F 2-2: Ball 3-2: Foul Ball, location: 2F 3-2: Foul Ball, location: 2F 3-2: Base on Balls
|
|
Batting: LHB Keith Egan
|
0-0: Ball Alex de Leon is caught stealing 2nd base 2-6
|
| Top of the 2nd over - 1 run, 1 hit, 0 errors, 0 left on base; Columbus 2 - York 0 |
| BOTTOM OF THE 2ND |
|
York Revolution batting - Pitching for Columbus Reds : RHP Matt Cronin
|
|
Batting: RHB Jose Corral
|
0-0: Swinging Strike 0-1: SOLO HOME RUN (Flyball, 7D, EV 92.5 MPH), Distance : 363 ft
|
|
Batting: RHB Lee Wright
|
0-0: Ball 1-0: Ball 2-0: DOUBLE (Line Drive, 5D, EV 97.5 MPH)
|
|
Batting: RHB Jake Cox
|
0-0: Called Strike 0-1: Ball 1-1: SINGLE (Flyball, 4D, EV 82.5 MPH) Lee Wright to third
|
|
Batting: SHB Brett St. Clair
|
0-0: Called Strike 0-1: Ball 1-1: Ball 2-1: Called Strike 2-2: Foul Ball, location: 2F 2-2: Foul Ball, location: 2F 2-2: Foul Ball, location: 2F 2-2: Fly out, F7 (Flyball, 7LM, EV 91.9 MPH) Throwing error, E7 Lee Wright scores Jake Cox to second
|
|
Batting: RHB Victor Arias
|
0-0: Ball Wild Pitch! Jake Cox to third 1-0: Foul Ball, location: 2F 1-1: Ground out 4-3 (Groundball, 4, EV 79.4 MPH) Jake Cox scores
|
|
Batting: RHB Joe Hewitt
|
0-0: Ball 1-0: Foul Ball, location: 2F 1-1: Ball 2-1: Foul Ball, location: 2F 2-2: Hit by Pitch
|
|
Batting: RHB Tony Perez
|
0-0: Ball 1-0: Ball Joe Hewitt steals 2nd base 2-0: Fly out, F8 (Flyball, 8LXD, EV 81.3 MPH)
|
| Bottom of the 2nd over - 3 runs, 3 hits, 1 error, 1 left on base; Columbus 2 - York 3 |
| TOP OF THE 3RD |
|
Columbus Reds batting - Pitching for York Revolution : RHP Marcos Tapia
|
|
Batting: LHB Keith Egan
|
0-0: Ball 1-0: Ball 2-0: Ball 3-0: Called Strike 3-1: Ground out 5-3 (Groundball, 56D, EV 106.3 MPH)
|
|
Batting: RHB Sang-ton Pak
|
0-0: Swinging Strike 0-1: Ball 1-1: Fly out, F9 (Line Drive, 9D, EV 93.8 MPH)
|
|
Batting: RHB Pat McCoy
|
0-0: Ball 1-0: Foul Ball, location: 2F 1-1: Fly out, F7 (Flyball, 78D, EV 93.8 MPH)
|
| Top of the 3rd over - 0 runs, 0 hits, 0 errors, 0 left on base; Columbus 2 - York 3 |
| BOTTOM OF THE 3RD |
|
York Revolution batting - Pitching for Columbus Reds : RHP Matt Cronin
|
|
Batting: RHB Chris Myers
|
0-0: Called Strike 0-1: Called Strike 0-2: Ground out 6-3 (Groundball, 6, EV 105.6 MPH)
|
|
Batting: LHB Joel Moore
|
0-0: Ball 1-0: Called Strike 1-1: Ground out 5-3 (Groundball, 56S, EV 87.5 MPH)
|
|
Batting: RHB Jose Corral
|
0-0: Ball 1-0: Ball 2-0: Fly out, F7 (Line Drive, 7D, EV 104.4 MPH)
|
| Bottom of the 3rd over - 0 runs, 0 hits, 0 errors, 0 left on base; Columbus 2 - York 3 |
| TOP OF THE 4TH |
|
Columbus Reds batting - Pitching for York Revolution : RHP Marcos Tapia
|
|
Batting: LHB Chris Redhead
|
0-0: Ball 1-0: Called Strike 1-1: Swinging Strike 1-2: Strikes out looking
|
|
Batting: LHB Tim Kirk
|
0-0: Called Strike 0-1: Ball 1-1: Ball 2-1: Ball 3-1: Swinging Strike 3-2: Strikes out looking
|
|
Batting: RHB Fred Barbour
|
0-0: Called Strike 0-1: Ground out 6-3 (Groundball, 6, EV 85.0 MPH)
|
| Top of the 4th over - 0 runs, 0 hits, 0 errors, 0 left on base; Columbus 2 - York 3 |
| BOTTOM OF THE 4TH |
|
York Revolution batting - Pitching for Columbus Reds : RHP Matt Cronin
|
|
Batting: RHB Lee Wright
|
0-0: Ball 1-0: Fly out, F4 (Line Drive, 4, EV 70.6 MPH)
|
|
Batting: RHB Jake Cox
|
0-0: Ball 1-0: Called Strike 1-1: SINGLE (Line Drive, 89S, EV 105.6 MPH)
|
|
Batting: SHB Brett St. Clair
|
0-0: Called Strike 0-1: Ball Wild Pitch! Jake Cox to second 1-1: Fly out, F8 (Flyball, 78D, EV 93.1 MPH)
|
|
Batting: RHB Victor Arias
|
0-0: Ball 1-0: Swinging Strike 1-1: Swinging Strike 1-2: Strikes out looking
|
| Bottom of the 4th over - 0 runs, 1 hit, 0 errors, 1 left on base; Columbus 2 - York 3 |
| TOP OF THE 5TH |
|
Columbus Reds batting - Pitching for York Revolution : RHP Marcos Tapia
|
|
Pitching: RHP Francisco Tejada
|
|
|
Batting: LHB Elijah Benton
|
0-0: Foul Ball, location: 2F 0-1: Swinging Strike 0-2: Ball 1-2: Strikes out swinging
|
|
Batting: RHB Mark Ortner
|
0-0: Swinging Strike 0-1: Ball 1-1: Foul Ball, location: 2F 1-2: Strikes out swinging
|
|
Batting: RHB Alex de Leon
|
0-0: Called Strike 0-1: Called Strike 0-2: Strikes out swinging
|
| Top of the 5th over - 0 runs, 0 hits, 0 errors, 0 left on base; Columbus 2 - York 3 |
| BOTTOM OF THE 5TH |
|
York Revolution batting - Pitching for Columbus Reds : RHP Matt Cronin
|
|
Batting: RHB Joe Hewitt
|
0-0: Foul Ball, location: 2F 0-1: Ball 1-1: Reached on error, E4 (Groundball, 4, EV 90.0 MPH)
|
|
Batting: RHB Tony Perez
|
0-0: Ball 1-0: Ball 2-0: Fly out, F8 (Flyball, 89M, EV 91.9 MPH)
|
|
Batting: RHB Chris Myers
|
0-0: Foul Ball, location: 2F 0-1: 2-RUN HOME RUN (Flyball, 7LD, EV 96.9 MPH), Distance : 383 ft
|
|
Batting: LHB Joel Moore
|
0-0: SINGLE (Line Drive, 5L, EV 95.0 MPH)
|
|
Batting: RHB Jose Corral
|
0-0: Ball 1-0: Ball 2-0: Ball Wild Pitch! Joel Moore to second 3-0: Called Strike 3-1: Base on Balls
|
|
Batting: RHB Lee Wright
|
0-0: Called Strike 0-1: Foul Ball, location: 2F 0-2: Ball 1-2: Foul Ball, location: 2F 1-2: Foul Ball, location: 2F 1-2: Foul Ball, location: 2F 1-2: Ball 2-2: Foul Ball, location: 2F 2-2: Single, Error in OF, E8, batter to second base (Groundball, 6MD, EV 97.5 MPH) Joel Moore scores Jose Corral to third
|
|
Pitching: RHP Tim Beck
|
|
|
Batting: RHB Jake Cox
|
0-0: Swinging Strike 0-1: Swinging Strike 0-2: Strikes out looking
|
|
Batting: SHB Brett St. Clair
|
0-0: Called Strike 0-1: Swinging Strike 0-2: Ball 1-2: Ball 2-2: Foul Ball, location: 2F 2-2: Ball 3-2: Ground out 4-3 (Groundball, 4, EV 106.3 MPH)
|
| Bottom of the 5th over - 3 runs, 3 hits, 2 errors, 2 left on base; Columbus 2 - York 6 |
| TOP OF THE 6TH |
|
Columbus Reds batting - Pitching for York Revolution : RHP Francisco Tejada
|
|
Batting: LHB Keith Egan
|
0-0: Ball 1-0: Foul Ball, location: 2F 1-1: Ball 2-1: Foul Ball, location: 2F 2-2: Ball 3-2: Strikes out swinging
|
|
Batting: RHB Sang-ton Pak
|
0-0: Ball 1-0: Ground out 5-3 (Groundball, 56S, EV 85.6 MPH)
|
|
Batting: RHB Pat McCoy
|
0-0: SINGLE (Groundball, 6D, EV 95.0 MPH)
|
|
Batting: LHB Chris Redhead
|
0-0: Ball Pat McCoy steals 2nd base 1-0: Ball 2-0: Called Strike 2-1: Called Strike 2-2: SINGLE (Groundball, 34D, EV 106.3 MPH) Pat McCoy to third Runner from 3rd tries for Home, throw by RF and OUT! 9-2
|
| Top of the 6th over - 0 runs, 2 hits, 0 errors, 1 left on base; Columbus 2 - York 6 |
| BOTTOM OF THE 6TH |
|
York Revolution batting - Pitching for Columbus Reds : RHP Tim Beck
|
|
Batting: RHB Victor Arias
|
0-0: Swinging Strike 0-1: Foul Ball, location: 2F 0-2: Ball 1-2: Ground out 4-3 (Groundball, 34D, EV 80.6 MPH)
|
|
Batting: RHB Joe Hewitt
|
0-0: Called Strike 0-1: Swinging Strike 0-2: SINGLE (Groundball, 34D, EV 98.8 MPH)
|
|
Batting: RHB Tony Perez
|
0-0: Called Strike Joe Hewitt steals 2nd base 0-1: Foul Ball, location: 2F 0-2: Ball 1-2: Ball 2-2: Foul Ball, location: 2F 2-2: Ball 3-2: DOUBLE (Line Drive, 89D, EV 100.6 MPH) Joe Hewitt scores
|
|
Batting: RHB Chris Myers
|
0-0: SINGLE (Line Drive, 7S, EV 110.0 MPH) Tony Perez to third
|
|
Batting: LHB Joel Moore
|
0-0: Fly out, F8 (Line Drive, 8LD, EV 90.6 MPH) Runner from 3rd tags up, SCORES, throw by CF
|
|
Batting: RHB Jose Corral
|
0-0: Ball 1-0: Foul Ball, location: 2F 1-1: Ball 2-1: Ball 3-1: Called Strike 3-2: Base on Balls Chris Myers to second
|
|
Batting: RHB Lee Wright
|
0-0: Called Strike 0-1: Foul Ball, location: 2F 0-2: Ball 1-2: Foul Ball, location: 2F 1-2: Ball 2-2: Ball 3-2: Fly out, F8 (Flyball, 8LXD, EV 105.6 MPH)
|
| Bottom of the 6th over - 2 runs, 3 hits, 0 errors, 2 left on base; Columbus 2 - York 8 |
| TOP OF THE 7TH |
|
Columbus Reds batting - Pitching for York Revolution : RHP Francisco Tejada
|
|
Batting: LHB Tim Kirk
|
0-0: Foul Ball, location: 2F 0-1: Swinging Strike 0-2: Strikes out swinging
|
|
Batting: RHB Fred Barbour
|
0-0: Ball 1-0: Foul Ball, location: 2F 1-1: Foul Ball, location: 2F 1-2: Foul Ball, location: 2F 1-2: Ball 2-2: Strikes out swinging
|
|
Batting: LHB Elijah Benton
|
0-0: Ground out 6-3 (Groundball, 6, EV 87.5 MPH)
|
| Top of the 7th over - 0 runs, 0 hits, 0 errors, 0 left on base; Columbus 2 - York 8 |
| BOTTOM OF THE 7TH |
|
York Revolution batting - Pitching for Columbus Reds : RHP Tim Beck
|
|
Batting: RHB Jake Cox
|
0-0: Called Strike 0-1: Ball 1-1: Ball 2-1: DOUBLE (Line Drive, 89M, EV 96.9 MPH)
|
|
Batting: SHB Brett St. Clair
|
0-0: Called Strike 0-1: Ball 1-1: Swinging Strike 1-2: Foul Ball, location: 2F 1-2: Foul Ball, location: 2F 1-2: Foul Ball, location: 2F 1-2: Ball 2-2: Ball 3-2: Base on Balls
|
|
Batting: RHB Victor Arias
|
0-0: Ball 1-0: Fly out, F6 (Popup, 6S, EV 72.5 MPH)
|
|
Batting: RHB Joe Hewitt
|
0-0: Fly out, F7 (Flyball, 78M, EV 88.8 MPH)
|
|
Batting: RHB Tony Perez
|
0-0: Ball 1-0: Ball 2-0: Called Strike 2-1: Ball 3-1: Base on Balls Jake Cox to third Brett St. Clair to second
|
|
Batting: RHB Chris Myers
|
0-0: Called Strike 0-1: Foul Ball, location: 2F 0-2: Foul Ball, location: 2F 0-2: Ball 1-2: Fly out, F8 (Flyball, 8RD, EV 101.9 MPH)
|
| Bottom of the 7th over - 0 runs, 1 hit, 0 errors, 3 left on base; Columbus 2 - York 8 |
| TOP OF THE 8TH |
|
Columbus Reds batting - Pitching for York Revolution : RHP Francisco Tejada
|
|
Batting: RHB Mark Ortner
|
0-0: Ball 1-0: Ball 2-0: Ball 3-0: Base on Balls
|
|
Batting: RHB Alex de Leon
|
0-0: Called Strike 0-1: Foul Ball, location: 2F 0-2: Ball 1-2: Ball 2-2: Foul Ball, location: 2F 2-2: Fly out, F8 (Flyball, 8LD, EV 106.3 MPH)
|
|
Pitching: LHP Chris Burch
|
|
|
Batting: LHB Keith Egan
|
0-0: Called Strike 0-1: Called Strike 0-2: Ball 1-2: Ball 2-2: Strikes out swinging
|
|
Batting: RHB Sang-ton Pak
|
0-0: Called Strike 0-1: Ball 1-1: Ball 2-1: Ground out 4-3 (Groundball, 3D, EV 107.5 MPH)
|
| Top of the 8th over - 0 runs, 0 hits, 0 errors, 1 left on base; Columbus 2 - York 8 |
| BOTTOM OF THE 8TH |
|
York Revolution batting - Pitching for Columbus Reds : RHP Tim Beck
|
|
Pitching: RHP Alex Villagomez
|
|
|
Batting: LHB Joel Moore
|
0-0: Called Strike 0-1: Reached on error, E4 (Groundball, 4, EV 103.8 MPH)
|
|
Batting: RHB Jose Corral
|
0-0: Ball 1-0: Ball 2-0: Called Strike 2-1: Called Strike 2-2: Foul Ball, location: 2F Balk! Joel Moore to second 2-2: Ball 3-2: Foul Ball, location: 2F 3-2: Base on Balls
|
|
Batting: RHB Lee Wright
|
0-0: Foul Ball, location: 2F 0-1: Ball 1-1: Grounds into double play, 5-4-3 (Groundball, 56, EV 85.6 MPH) Joel Moore to third
|
|
Batting: RHB Jake Cox
|
0-0: Ball 1-0: Ground out 6-3 (Groundball, 6D, EV 81.9 MPH)
|
| Bottom of the 8th over - 0 runs, 0 hits, 1 error, 1 left on base; Columbus 2 - York 8 |
| TOP OF THE 9TH |
|
Columbus Reds batting - Pitching for York Revolution : LHP Chris Burch
|
|
Batting: RHB Pat McCoy
|
0-0: Ball 1-0: Fly out, F8 (Flyball, 89M, EV 83.8 MPH)
|
|
Batting: LHB Chris Redhead
|
0-0: Foul Ball, location: 2F 0-1: Called Strike 0-2: Strikes out swinging
|
|
Batting: LHB Tim Kirk
|
0-0: Ball 1-0: Foul Ball, location: 2F 1-1: Foul Ball, location: 2F 1-2: Ball 2-2: Strikes out swinging
|
| Top of the 9th over - 0 runs, 0 hits, 0 errors, 0 left on base; Columbus 2 - York 8 |
|